 Dungeon Crawl Stone Soup version 0.27-a0-538-g15ff5c5295 (webtiles) character file.

Game seed: 1051757725645341352

315 siradein the Bolt Thrower (level 6, -3/30 HPs)
             Began as a Spriggan Hunter on Mar 6, 2021.
             Slain by Eustachio
             ... wielding a +0 rapier of flaming
              (9 damage)
             ... on level 4 of the Dungeon.
             The game lasted 00:20:11 (6364 turns).

siradein the Bolt Thrower (Spriggan Hunter)         Turns: 6364, Time: 00:20:12

Health: -3/30      AC:  9    Str:  8    XL:     6   Next: 19%
Magic:  7/7        EV: 17    Int: 12    God:
Gold:   188        SH:  5    Dex: 18    Spells: 5/5 levels left

rFire    . . .     SeeInvis +   q - +1 long sword (protect)
rCold    . . .     Faith    .   r - +0 buckler
rNeg     . . .     Spirit   .   c - +0 robe
rPois    .         Reflect  .   (helmet restricted)
rElec    .         Harm     .   (no cloak)
rCorr    .         Rampage  .   (gloves unavailable)
Will     +....                  (boots unavailable)
Stlth    ++........             (no amulet)
HPRegen  0.10/turn              (no ring)
MPRegen  0.10/turn              (no ring)

@: protection aura, very quick
A: very small, unfitting armour, see invisible, speed 3
a: no special abilities


You were on level 4 of the Dungeon.
You visited 1 branch of the dungeon, and saw 4 of its levels.

You collected 188 gold pieces.

Inventory:

Hand Weapons
 a - a +1 hand crossbow
 f - a +0 spear
 q - a +1 long sword of protection (weapon)
Missiles
 d - 17 bolts
 g - 133 stones (quivered)
 i - 18 sling bullets
Armour
 c - a +0 robe (worn)
 r - a +0 buckler (worn)
Scrolls
 b - a scroll of fog {unknown}
 e - a scroll of enchant weapon {unknown}
 h - 2 scrolls of blinking
 j - a scroll of fear
 l - 2 scrolls of teleportation {unknown}
 m - a scroll of magic mapping {unknown}
 p - a scroll of identify
Potions
 k - a potion of cancellation
 n - a potion of ambrosia {unknown}
 o - a potion of heal wounds {unknown}
 t - a potion of attraction {unknown}


   Skills:
 - Level 1.5 Fighting
 * Level 7.3 Crossbows
 + Level 3.4 Dodging
 - Level 1.5 Stealth


You had 5 spell levels left.
You didn't know any spells.
Your spell library contained the following spells:

 Spells                   Type           Power      Damage    Failure   Level
 Summon Small Mammal      Summ           0%         N/A       50%         1
 Call Imp                 Summ           0%         N/A       63%         2
 Mephitic Cloud           Conj/Pois/Air  0%         N/A       86%         3
 Lightning Bolt           Conj/Air       0%         1d11      100%        5
 Dragon's Call            Summ           0%         N/A       100%        9


Dungeon Overview and Level Annotations

Branches:
Dungeon (4/15)
 Temple: D:4-7

Altars:
Cheibriados
Nemelex Xobeh
The Shining One

Annotations:
D:4 Eustachio, Ijyb


Innate Abilities, Weirdness & Mutations

You are very small and have problems with some larger weapons.
You are too small for most types of armour.
You have supernaturally acute eyesight. (SInv)
You cover ground extremely quickly. (Speed+++)


Message History

There is a stone staircase leading down here.
You start resting.
HP restored.
You climb downwards.
Level annotation: Eustachio, Ijyb Eustachio casts a spell.
Eustachio blinks!
There is a stone staircase leading up here.
Eustachio gestures wildly while chanting.
You hit the crimson imp.
Your weapon exudes an aura of protection.
The crimson imp is heavily wounded.
Eustachio gestures wildly while chanting.
The crimson imp blinks!
You block Eustachio's attack.
You slash Eustachio!
Eustachio is heavily wounded.
Eustachio mumbles some strange words.
Eustachio blinks!
You barely miss Eustachio.
Eustachio is heavily wounded.
Eustachio hits you with a +0 rapier of flaming.
Eustachio burns you. The quokka closely misses you. Eustachio misses you.
You hit Eustachio.
Eustachio is heavily wounded.
You block the quokka's attack.
The crimson imp blinks!
Eustachio hits you with a +0 rapier of flaming.
Eustachio burns you. The quokka barely misses you.
Your shield prevents you from hitting Eustachio.
Eustachio is heavily wounded.
The quokka bites you. Eustachio completely misses you. The quokka bites you.
* * * LOW HITPOINT WARNING * * *
You hit Eustachio.
Eustachio is severely wounded.
You block Eustachio's attack. The quokka barely misses you.
Eustachio gestures wildly while chanting.
You closely miss the quokka. The quokka closely misses you.
The quokka misses you.
Eustachio hits you with a +0 rapier of flaming!
You die...

########### ##### #.....ยง..(.
#...# #.########. #.#.#
#.#..#####.# #.#.# #.#........#
#.#.# #.#.##########.#.# .#
#.#....r@.r5.....#.# .#
#.#######@########.###### .
#........rr...[.........#
#..###############.####.#
##..######............##.#
<........^#######....##.#
#########.####......#.......##.#
(...........................##.#
......###.###.......#.......##.#
......# #.# #.......####...###.#


You could see Eustachio, a crimson imp (summoned), a river rat (summoned) and 3
quokkas.

Vanquished Creatures
  A necrophage (D:2)
  A bullfrog zombie (D:3)
  A bullfrog skeleton (D:4)
  An iguana (D:3)
  A worker ant (D:4)
  4 adders
  4 dart slugs
  2 leopard geckos (D:2)
  6 orcs
  3 ball pythons
  6 bats
  4 giant cockroaches
  9 hobgoblins
  4 jackals (D:2)
  9 kobolds
  A quokka (D:3)
  A frilled lizard (D:1)
  5 goblins
  7 rats
70 creatures vanquished.

Vanquished Creatures (others)
  5 plants (D:2)
5 creatures vanquished.

Grand Total: 75 creatures vanquished

Notes
Turn   | Place    | Note
-------+----------+-------------------------------------------
     0 | D:1      | siradein the Spriggan Hunter began the quest for the Orb.
     0 | D:1      | Reached XP level 1. HP: 10/10 MP: 2/2
   200 | D:1      | Reached XP level 2. HP: 3/14 MP: 3/3
  1607 | D:2      | Reached skill level 5 in Crossbows
  1663 | D:2      | Reached XP level 3. HP: 18/18 MP: 4/4
  2118 | D:2      | Found a glowing golden altar of the Shining One.
  3039 | D:2      | Reached XP level 4. HP: 8/22 MP: 5/5
  3530 | D:2      | Noticed a necrophage
  3579 | D:2      | Killed a necrophage
  3580 | D:2      | Reached skill level 6 in Crossbows
  3580 | D:2      | Reached XP level 5. HP: 25/25 MP: 6/6
  3896 | D:3      | Found a sparkling altar of Nemelex Xobeh.
  4582 | D:3      | Reached skill level 7 in Crossbows
  4586 | D:3      | Found a snail-covered altar of Cheibriados.
  5089 | D:3      | Upgraded the game from 0.27-a0-531-gb72ec1a1b6 to
                  | 0.27-a0-538-g15ff5c5295
  5701 | D:4      | Reached XP level 6. HP: 30/30 MP: 7/7
  5731 | D:4      | Noticed Ijyb
  5786 | D:4      | Identified the Disquisition on the Gliding Escort
  5877 | D:4      | Noticed Eustachio
  6364 | D:4      | Slain by Eustachio

Illustrated notes

Levels and vault maps discovered:
D:1:      wander_arrival_desolate, layout_loops_corners, dk_noncrumbling_3
D:2:      minmay_evil_eye, layout_loops_corners, nicolae_tso_swordbearing_angel,
          serial_bayou, serial_bayou_lagoon_b, serial_bayou_pond_b,
          serial_bayou_pond_e, serial_bayou_lake_a
D:3:      layout_rooms, kennysheep_slug_shrine, lemuel_crystal_altar
D:4:      layout_basic, uniq_ijyb, uniq_natasha, uniq_eustachio

Skill      XL: |  1  2  3  4  5 |
---------------+----------------+-----
Crossbows      | 5 6 7 |  7.3
Dodging        | 3 |  3.4
Fighting       | |  1.5
Stealth        | |  1.5

Action                   |  1- 3 |  4- 6 || total
-------------------------+-------+-------++-------
Melee: Short sword       |   211 |    95 ||   306
       Spear             |       |   101 ||   101
       Long sword        |       |    50 ||    50
 Fire: Hand crossbow     |     5 |     6 ||    11
Throw: Throwing net      |       |     1 ||     1
  Use: Scroll            |     4 |       ||     4
       Potion            |     1 |       ||     1
 Stab: Sleeping          |     3 |     3 ||     6
Armor: Robe              |    23 |    24 ||    47
Dodge: Dodged            |   187 |   171 ||   358
Block: Buckler           |       |     8 ||     8
       Rpst.: Long sword |       |    18 ||    18

Table legend: (Time is in decaauts)
 A = Elapsed time spent in this place.
 B = Non-inter-level travel time spent in this place.
 C = Inter-level travel time spent in this place.
 D = Time resting spent in this place.
 E = Time spent auto-exploring this place.
 F = Levels seen in this place.
 G = Mean time per level.
                   A        B        C        D        E       F      G
               +--------+--------+--------+--------+--------+-----+--------+
         Total |   5271 |   5259 |     12 |   1446 |   2563 |   4 | 1317.8 |
       Dungeon |   5271 |   5259 |     12 |   1446 |   2563 |   4 | 1317.8 |
               +--------+--------+--------+--------+--------+-----+--------+

Top non-repeatable levels by time:
     D:2: 2230 daAuts
     D:1: 1338 daAuts
     D:3: 1047 daAuts
     D:4: 655 daAuts
